[ AOE2 MATCH · #489015634 ]
UnrankedPersians vs Khmer
[ REPLAY ANALYSIS · EXTRACTED FROM THE RECORDED GAME ]
Feudal
10:27
Castle
14:23
Imperial
—
| APM avg | 39.7 |
| APM peak | 78 |
| eAPM avg | 21.4 |
| Villagers / military | 84 / 38 |
Focus
⚔️ 32.7% · 🌾 67.3%
Knight ×38
Feudal
11:20
Castle
14:01
Imperial
—
| APM avg | 47.3 |
| APM peak | 93 |
| eAPM avg | 30.9 |
| Villagers / military | 119 / 47 |
Focus
⚔️ 36.8% · 🌾 63.2%
Scorpion ×24 · Battle Elephant ×13 · Monk ×5 · Scout Cavalry ×3 · Knight ×1 · Mangonel ×1
Feudal
11:21
Castle
14:51
Imperial
—
| APM avg | 73.7 |
| APM peak | 113 |
| eAPM avg | 29.2 |
| Villagers / military | 95 / 40 |
Focus
⚔️ 25.7% · 🌾 74.3%
Arambai ×40
Feudal
10:30
Castle
16:11
Imperial
—
| APM avg | 64.4 |
| APM peak | 98 |
| eAPM avg | 35.2 |
| Villagers / military | 65 / 13 |
Focus
⚔️ 58.1% · 🌾 41.9%
Unknown (1952) ×61 · Mangonel ×12 · Battering Ram ×1
Match map
Initial resources + every placement click. Lines = walls · curves = elevation contours. ◆ gold · ⬟ stone · ● berries · ✦ relic · ◌ wall gap
Your base· ✓ Closed at 14:23 · 0t walls · 2 gate(s)
OS+ | VoNDutcH's base· ✓ Closed at 14:01 · 13t walls · 2 gate(s)
OS+ | aKaTepBackWards's base· ✓ Closed at 14:51 · 3t walls · 5 gate(s)
TAG_Sitaux's base· ✓ Closed at 16:11 · 7t walls · 3 gate(s)
Smoothed initial terrain · ◌ = detected wall gap · hover for details
Inputs per minute
— TAG_Smiley - - OS+ | VoNDutcH
Build order — TAG_Smiley
First 150 of 209 actions detected
| 0:00 | Create | Villager (Male) |
| 0:01 | Create | Villager (Male) |
| 0:01 | Create | Villager (Male) |
| 0:03 | Build | House |
| 0:04 | Build | House |
| 0:08 | Create | Villager (Male) |
| 0:09 | Create | Villager (Male) |
| 1:25 | Create | Villager (Male) |
| 1:48 | Create | Villager (Male) |
| 2:06 | Create | Villager (Male) |
| 2:10 | Build | Lumber Camp |
| 2:37 | Create | Villager (Male) |
| 3:00 | Create | Villager (Male) |
| 3:21 | Build | House |
| 3:22 | Build | House |
| 3:36 | Create | Villager (Male) |
| 3:51 | Create | Villager (Male) |
| 3:51 | Create | Villager (Male) |
| 4:09 | Build | Mill |
| 4:24 | Create | Villager (Male) |
| 4:29 | Create | Villager (Male) |
| 4:51 | Create | Villager (Male) |
| 5:08 | Create | Villager (Male) |
| 5:16 | Create | Villager (Male) |
| 5:24 | Build | Farm |
| 5:26 | Build | Farm |
| 5:33 | Create | Villager (Male) |
| 6:13 | Build | Farm |
| 7:03 | Create | Villager (Male) |
| 7:20 | Create | Villager (Male) |
| 7:20 | Create | Villager (Male) |
| 7:21 | Create | Villager (Male) |
| 7:44 | Build | Mining Camp |
| 7:57 | Build | House |
| 8:23 | Research | Feudal Age |
| 8:30 | Create | Villager (Male) |
| 10:27 | Age | Feudal Age |
| 10:33 | Build | Market |
| 10:39 | Create | Villager (Male) |
| 10:57 | Create | Villager (Male) |
| 11:25 | Build | Blacksmith |
| 11:34 | Create | Villager (Male) |
| 11:51 | Research | Castle Age |
| 11:52 | Research | Double-Bit Axe |
| 11:54 | Research | Horse Collar |
| 12:01 | Build | House |
| 12:19 | Build | Farm |
| 12:27 | Build | Farm |
| 13:01 | Create | Villager (Male) |
| 13:20 | Build | Barracks |
| 14:13 | Build | Stable |
| 14:20 | Research | Scale Barding Armor |
| 14:23 | Age | Castle Age |
| 14:30 | Build | Stable |
| 14:36 | Create | Villager (Male) |
| 14:48 | Build | Farm |
| 14:51 | Build | Farm |
| 14:52 | Create | Knight |
| 14:53 | Create | Knight |
| 14:54 | Create | Villager (Male) |
| 15:04 | Build | Farm |
| 15:07 | Build | House |
| 15:08 | Build | House |
| 15:11 | Create | Knight |
| 15:17 | Build | Farm |
| 15:19 | Build | Farm |
| 15:21 | Build | Farm |
| 15:24 | Create | Villager (Male) |
| 15:45 | Create | Villager (Male) |
| 15:48 | Create | Villager (Male) |
| 15:53 | Build | Farm |
| 15:55 | Build | Farm |
| 16:10 | Create | Villager (Male) |
| 16:10 | Create | Villager (Male) |
| 16:13 | Create | Knight |
| 16:18 | Create | Villager (Male) |
| 16:21 | Build | House |
| 16:27 | Build | Farm |
| 16:30 | Build | Farm |
| 16:40 | Create | Villager (Male) |
| 16:44 | Create | Villager (Male) |
| 17:04 | Create | Villager (Male) |
| 17:13 | Build | Lumber Camp |
| 17:19 | Create | Knight |
| 17:23 | Create | Villager (Male) |
| 17:31 | Build | Farm |
| 17:35 | Create | Villager (Male) |
| 17:48 | Create | Knight |
| 17:57 | Create | Villager (Male) |
| 18:00 | Build | Town Center |
| 18:11 | Create | Villager (Male) |
| 18:14 | Research | Gold Mining |
| 18:18 | Build | House |
| 18:19 | Build | House |
| 18:22 | Build | Farm |
| 18:29 | Create | Knight |
| 18:42 | Create | Knight |
| 18:46 | Build | Farm |
| 18:53 | Create | Villager (Male) |
| 19:00 | Build | Farm |
| 19:12 | Create | Villager (Male) |
| 19:17 | Create | Villager (Male) |
| 19:21 | Create | Knight |
| 19:27 | Create | Villager (Male) |
| 19:32 | Create | Villager (Male) |
| 19:48 | Create | Villager (Male) |
| 19:58 | Create | Villager (Male) |
| 20:03 | Build | Farm |
| 20:04 | Build | Farm |
| 20:17 | Create | Knight |
| 20:17 | Create | Knight |
| 20:29 | Build | Farm |
| 20:31 | Build | Farm |
| 20:34 | Build | Farm |
| 20:44 | Research | Chain Barding Armor |
| 20:56 | Create | Villager (Male) |
| 21:00 | Build | Farm |
| 21:01 | Build | Farm |
| 21:03 | Build | Farm |
| 21:04 | Build | Farm |
| 21:04 | Build | Farm |
| 21:05 | Build | Mill |
| 21:11 | Research | Bloodlines |
| 21:22 | Create | Knight |
| 21:38 | Create | Villager (Male) |
| 22:01 | Create | Villager (Male) |
| 22:01 | Create | Villager (Male) |
| 22:10 | Research | Husbandry |
| 22:15 | Create | Villager (Male) |
| 22:15 | Create | Villager (Male) |
| 22:23 | Create | Knight |
| 22:29 | Create | Villager (Male) |
| 22:32 | Build | Farm |
| 22:35 | Build | Lumber Camp |
| 22:39 | Create | Villager (Male) |
| 22:42 | Build | Farm |
| 22:42 | Build | Farm |
| 22:43 | Build | Farm |
| 22:48 | Create | Knight |
| 22:49 | Create | Knight |
| 23:10 | Research | Loom |
| 23:11 | Create | Villager (Male) |
| 23:11 | Create | Villager (Male) |
| 23:14 | Create | Knight |
| 23:14 | Create | Knight |
| 23:18 | Build | House |
| 23:22 | Build | House |
| 23:23 | Build | House |
| 23:37 | Build | Stable |
| 23:39 | Create | Villager (Male) |
Build order — OS+ | VoNDutcH
First 150 of 279 actions detected
| 0:00 | Create | Villager (Male) |
| 0:00 | Create | Villager (Male) |
| 0:01 | Build | House |
| 0:02 | Build | House |
| 0:08 | Create | Villager (Male) |
| 0:14 | Create | Villager (Male) |
| 1:22 | Create | Villager (Male) |
| 1:49 | Build | Lumber Camp |
| 1:50 | Create | Villager (Male) |
| 2:22 | Create | Villager (Male) |
| 2:52 | Create | Villager (Male) |
| 2:54 | Create | Villager (Male) |
| 3:29 | Build | Palisade Wall |
| 3:30 | Create | Villager (Male) |
| 3:55 | Build | Palisade Wall |
| 4:00 | Build | House |
| 4:02 | Create | Villager (Male) |
| 4:26 | Build | Mill |
| 4:32 | Build | House |
| 4:35 | Create | Villager (Male) |
| 4:35 | Create | Villager (Male) |
| 4:58 | Build | House |
| 5:09 | Create | Villager (Male) |
| 5:38 | Create | Villager (Male) |
| 5:45 | Create | Villager (Male) |
| 6:15 | Build | Farm |
| 6:19 | Build | Farm |
| 6:19 | Create | Villager (Male) |
| 6:37 | Create | Villager (Male) |
| 6:38 | Create | Villager (Male) |
| 6:38 | Create | Villager (Male) |
| 7:02 | Create | Villager (Male) |
| 7:14 | Create | Villager (Male) |
| 7:21 | Create | Villager (Male) |
| 8:16 | Build | Mining Camp |
| 8:56 | Research | Feudal Age |
| 9:13 | Build | Farm |
| 10:23 | Build | Farm |
| 11:20 | Age | Feudal Age |
| 11:21 | Research | Castle Age |
| 11:22 | Build | Stable |
| 11:24 | Research | Double-Bit Axe |
| 11:25 | Research | Horse Collar |
| 12:02 | Create | Scout Cavalry |
| 12:13 | Create | Scout Cavalry |
| 12:32 | Create | Villager (Male) |
| 12:43 | Create | Scout Cavalry |
| 13:06 | Build | House |
| 14:01 | Age | Castle Age |
| 14:02 | Build | Monastery |
| 14:09 | Create | Villager (Male) |
| 14:12 | Build | Town Center |
| 14:25 | Build | House |
| 14:39 | Create | Villager (Male) |
| 14:42 | Build | Farm |
| 14:44 | Build | Farm |
| 14:45 | Create | Monk |
| 15:07 | Build | Farm |
| 15:09 | Create | Villager (Male) |
| 15:14 | Build | Farm |
| 15:21 | Create | Villager (Male) |
| 15:29 | Build | Farm |
| 15:43 | Create | Monk |
| 15:50 | Create | Villager (Male) |
| 15:52 | Build | Farm |
| 15:55 | Create | Villager (Male) |
| 16:10 | Create | Villager (Male) |
| 16:11 | Create | Monk |
| 16:14 | Create | Villager (Male) |
| 16:15 | Create | Villager (Male) |
| 16:34 | Create | Villager (Male) |
| 16:48 | Create | Villager (Male) |
| 16:52 | Build | Town Center |
| 17:03 | Create | Villager (Male) |
| 17:07 | Build | Farm |
| 17:09 | Build | Farm |
| 17:22 | Create | Villager (Male) |
| 17:25 | Build | House |
| 17:37 | Create | Villager (Male) |
| 17:38 | Build | Farm |
| 17:41 | Build | Farm |
| 17:42 | Build | Farm |
| 17:53 | Create | Villager (Male) |
| 17:55 | Create | Villager (Male) |
| 18:38 | Create | Villager (Male) |
| 18:38 | Create | Villager (Male) |
| 18:39 | Create | Villager (Male) |
| 18:39 | Create | Villager (Male) |
| 18:40 | Create | Villager (Male) |
| 18:49 | Create | Villager (Male) |
| 18:53 | Create | Villager (Male) |
| 19:00 | Create | Villager (Male) |
| 19:00 | Create | Villager (Male) |
| 19:04 | Build | Siege Workshop |
| 19:06 | Create | Villager (Male) |
| 19:08 | Build | House |
| 19:11 | Build | Farm |
| 19:11 | Build | Farm |
| 19:12 | Create | Villager (Male) |
| 19:15 | Build | Farm |
| 19:16 | Build | Farm |
| 19:16 | Build | Farm |
| 19:17 | Build | Farm |
| 19:18 | Create | Villager (Male) |
| 19:18 | Create | Villager (Male) |
| 19:27 | Research | Bow Saw |
| 19:36 | Build | Farm |
| 19:37 | Create | Scorpion |
| 19:38 | Create | Villager (Male) |
| 19:44 | Create | Monk |
| 19:47 | Build | House |
| 19:48 | Build | House |
| 19:50 | Create | Scorpion |
| 19:51 | Create | Villager (Male) |
| 19:56 | Build | House |
| 19:59 | Create | Villager (Male) |
| 20:02 | Build | House |
| 20:03 | Build | House |
| 20:04 | Build | House |
| 20:18 | Create | Knight |
| 20:21 | Create | Villager (Male) |
| 20:24 | Build | Siege Workshop |
| 20:25 | Create | Villager (Male) |
| 20:30 | Create | Villager (Male) |
| 20:34 | Create | Villager (Male) |
| 20:43 | Create | Monk |
| 20:49 | Create | Scorpion |
| 20:51 | Create | Villager (Male) |
| 20:59 | Build | House |
| 21:02 | Create | Villager (Male) |
| 21:02 | Create | Villager (Male) |
| 21:06 | Create | Scorpion |
| 21:09 | Create | Villager (Male) |
| 21:16 | Create | Villager (Male) |
| 21:23 | Build | House |
| 21:26 | Build | House |
| 21:27 | Build | House |
| 21:31 | Build | Farm |
| 21:33 | Build | Farm |
| 21:34 | Build | Farm |
| 21:34 | Create | Villager (Male) |
| 21:35 | Create | Villager (Male) |
| 21:35 | Create | Scorpion |
| 21:36 | Create | Scorpion |
| 21:37 | Create | Villager (Male) |
| 21:54 | Build | Farm |
| 21:55 | Build | Farm |
| 21:56 | Create | Villager (Male) |
| 21:57 | Create | Scorpion |
| 21:59 | Create | Villager (Male) |
Build order — OS+ | aKaTepBackWards
First 150 of 212 actions detected
| 0:00 | Create | Villager (Male) |
| 0:01 | Create | Villager (Male) |
| 0:01 | Create | Villager (Male) |
| 0:02 | Build | House |
| 0:05 | Build | House |
| 0:13 | Create | Villager (Male) |
| 1:25 | Create | Villager (Male) |
| 1:50 | Create | Villager (Male) |
| 1:54 | Build | Lumber Camp |
| 2:19 | Create | Villager (Male) |
| 2:52 | Create | Villager (Male) |
| 3:02 | Create | Villager (Male) |
| 3:32 | Create | Villager (Male) |
| 3:52 | Build | House |
| 3:53 | Build | House |
| 3:53 | Build | House |
| 3:53 | Build | House |
| 4:00 | Create | Villager (Male) |
| 4:30 | Build | Palisade Gate |
| 4:32 | Create | Villager (Male) |
| 4:34 | Create | Villager (Male) |
| 4:46 | Build | Palisade Wall |
| 4:48 | Build | Palisade Gate |
| 4:57 | Build | Palisade Gate |
| 5:18 | Create | Villager (Male) |
| 5:21 | Build | Palisade Wall |
| 5:23 | Build | Palisade Wall |
| 5:51 | Create | Villager (Male) |
| 5:51 | Create | Villager (Male) |
| 5:51 | Create | Villager (Male) |
| 6:10 | Build | Mill |
| 6:17 | Create | Villager (Male) |
| 6:17 | Create | Villager (Male) |
| 6:20 | Create | Villager (Male) |
| 6:49 | Create | Villager (Male) |
| 7:00 | Create | Villager (Male) |
| 7:12 | Create | Villager (Male) |
| 7:33 | Build | Mining Camp |
| 8:24 | Build | Mining Camp |
| 8:36 | Research | Feudal Age |
| 9:16 | Create | Villager (Male) |
| 9:17 | Create | Villager (Male) |
| 11:21 | Age | Feudal Age |
| 11:22 | Build | Market |
| 11:24 | Build | Blacksmith |
| 11:59 | Research | Horse Collar |
| 12:11 | Research | Castle Age |
| 13:22 | Build | Farm |
| 13:24 | Build | Farm |
| 13:25 | Build | Farm |
| 13:30 | Build | Farm |
| 14:51 | Age | Castle Age |
| 14:54 | Create | Villager (Male) |
| 14:55 | Create | Villager (Male) |
| 14:55 | Create | Villager (Male) |
| 14:57 | Build | Castle |
| 14:59 | Build | Town Center |
| 15:03 | Build | Farm |
| 15:19 | Create | Villager (Male) |
| 15:20 | Create | Villager (Male) |
| 15:26 | Build | Farm |
| 15:28 | Build | Farm |
| 15:33 | Build | Farm |
| 16:03 | Create | Villager (Male) |
| 16:03 | Create | Villager (Male) |
| 16:07 | Create | Arambai |
| 16:07 | Create | Arambai |
| 16:26 | Create | Villager (Male) |
| 16:28 | Build | Farm |
| 16:29 | Create | Villager (Male) |
| 16:30 | Create | Villager (Male) |
| 16:31 | Create | Villager (Male) |
| 16:34 | Create | Arambai |
| 16:45 | Create | Villager (Male) |
| 16:55 | Create | Villager (Male) |
| 17:24 | Create | Arambai |
| 17:24 | Create | Villager (Male) |
| 17:24 | Create | Villager (Male) |
| 17:29 | Build | Farm |
| 17:30 | Build | Farm |
| 17:30 | Build | Farm |
| 17:31 | Build | Farm |
| 17:37 | Create | Arambai |
| 17:38 | Create | Villager (Male) |
| 17:42 | Build | Farm |
| 18:03 | Create | Villager (Male) |
| 18:04 | Create | Arambai |
| 18:04 | Create | Arambai |
| 18:26 | Create | Arambai |
| 18:29 | Research | Padded Archer Armor |
| 18:30 | Research | Padded Archer Armor |
| 18:41 | Build | Farm |
| 18:44 | Build | Farm |
| 18:46 | Build | Farm |
| 19:08 | Create | Villager (Male) |
| 19:09 | Create | Arambai |
| 19:09 | Create | Arambai |
| 19:24 | Create | Villager (Male) |
| 19:24 | Create | Villager (Male) |
| 19:26 | Build | Barracks |
| 19:47 | Create | Villager (Male) |
| 19:55 | Create | Arambai |
| 19:56 | Create | Villager (Male) |
| 19:56 | Create | Villager (Male) |
| 20:01 | Create | Villager (Male) |
| 20:02 | Build | House |
| 20:41 | Create | Arambai |
| 20:41 | Create | Arambai |
| 20:41 | Create | Villager (Male) |
| 20:42 | Create | Villager (Male) |
| 20:48 | Build | Stable |
| 20:49 | Create | Villager (Male) |
| 20:52 | Create | Villager (Male) |
| 20:56 | Create | Villager (Male) |
| 21:00 | Build | Stable |
| 21:01 | Create | Villager (Male) |
| 21:05 | Build | House |
| 21:05 | Build | House |
| 21:06 | Build | House |
| 21:12 | Create | Arambai |
| 21:12 | Create | Villager (Male) |
| 21:13 | Create | Villager (Male) |
| 21:22 | Create | Villager (Male) |
| 21:44 | Create | Arambai |
| 21:44 | Create | Villager (Male) |
| 21:45 | Create | Villager (Male) |
| 22:09 | Create | Villager (Male) |
| 22:09 | Create | Villager (Male) |
| 22:13 | Create | Villager (Male) |
| 22:16 | Build | Town Center |
| 22:19 | Create | Villager (Male) |
| 22:25 | Create | Arambai |
| 22:25 | Create | Arambai |
| 22:26 | Build | House |
| 22:26 | Build | House |
| 22:26 | Build | House |
| 22:27 | Build | House |
| 22:29 | Research | Bloodlines |
| 23:00 | Create | Arambai |
| 23:01 | Create | Arambai |
| 23:01 | Create | Villager (Male) |
| 23:06 | Create | Villager (Male) |
| 23:06 | Create | Villager (Male) |
| 23:18 | Build | House |
| 23:18 | Build | House |
| 23:18 | Build | House |
| 23:21 | Create | Arambai |
| 23:21 | Create | Arambai |
| 23:32 | Create | Villager (Male) |
| 23:36 | Research | Gold Mining |
Build order — TAG_Sitaux
First 150 of 213 actions detected
| 0:00 | Create | Villager (Male) |
| 0:00 | Create | Villager (Male) |
| 0:01 | Build | House |
| 0:02 | Build | House |
| 0:06 | Create | Villager (Male) |
| 0:06 | Create | Villager (Male) |
| 1:33 | Create | Villager (Male) |
| 1:51 | Create | Villager (Male) |
| 2:05 | Create | Villager (Male) |
| 2:08 | Build | Lumber Camp |
| 2:26 | Create | Villager (Male) |
| 2:49 | Create | Villager (Male) |
| 3:13 | Create | Villager (Male) |
| 3:23 | Build | House |
| 3:24 | Build | House |
| 3:36 | Create | Villager (Male) |
| 3:50 | Create | Villager (Male) |
| 4:00 | Build | Palisade Wall |
| 4:02 | Build | Palisade Wall |
| 4:05 | Build | Palisade Wall |
| 4:27 | Create | Villager (Male) |
| 4:28 | Create | Villager (Male) |
| 5:02 | Create | Villager (Male) |
| 5:02 | Create | Villager (Male) |
| 5:06 | Build | Palisade Gate |
| 5:42 | Create | Villager (Male) |
| 6:03 | Create | Villager (Male) |
| 6:29 | Build | Mill |
| 6:30 | Create | Villager (Male) |
| 7:06 | Create | Villager (Male) |
| 7:29 | Create | Villager (Male) |
| 7:59 | Build | Mining Camp |
| 8:14 | Research | Feudal Age |
| 8:40 | Build | Palisade Wall |
| 9:46 | Build | House |
| 10:05 | Create | Villager (Male) |
| 10:05 | Create | Villager (Male) |
| 10:18 | Build | House |
| 10:30 | Age | Feudal Age |
| 10:34 | Research | Double-Bit Axe |
| 10:34 | Research | Horse Collar |
| 10:35 | Research | Gold Mining |
| 10:43 | Build | Market |
| 10:59 | Build | Farm |
| 11:05 | Build | Farm |
| 11:07 | Create | Villager (Male) |
| 11:27 | Build | Farm |
| 11:35 | Build | Farm |
| 11:38 | Create | Villager (Male) |
| 11:45 | Build | Farm |
| 11:53 | Build | Farm |
| 12:02 | Build | Farm |
| 12:04 | Create | Villager (Male) |
| 12:18 | Build | House |
| 12:26 | Create | Villager (Male) |
| 12:41 | Build | Blacksmith |
| 12:52 | Create | Villager (Male) |
| 13:00 | Build | Farm |
| 13:31 | Research | Castle Age |
| 13:31 | Research | Castle Age |
| 13:53 | Build | Barracks |
| 14:07 | Build | Lumber Camp |
| 14:51 | Build | Archery Range |
| 14:58 | Build | Archery Range |
| 15:32 | Build | Stable |
| 15:44 | Create | Villager (Male) |
| 15:53 | Research | Fletching |
| 16:11 | Age | Castle Age |
| 16:13 | Create | Unit 1952 |
| 16:13 | Create | Unit 1952 |
| 16:15 | Research | Bow Saw |
| 16:15 | Research | Bow Saw |
| 16:20 | Create | Villager (Male) |
| 16:34 | Research | Gold Shaft Mining |
| 16:34 | Research | Gold Shaft Mining |
| 16:35 | Create | Villager (Male) |
| 16:43 | Create | Villager (Male) |
| 16:44 | Create | Unit 1952 |
| 16:44 | Create | Unit 1952 |
| 16:49 | Build | House |
| 16:56 | Build | House |
| 17:03 | Create | Unit 1952 |
| 17:05 | Create | Villager (Male) |
| 17:16 | Create | Unit 1952 |
| 17:26 | Research | Bloodlines |
| 17:30 | Create | Unit 1952 |
| 17:36 | Create | Unit 1952 |
| 17:52 | Create | Unit 1952 |
| 17:53 | Create | Villager (Male) |
| 18:15 | Build | Farm |
| 18:16 | Build | Farm |
| 18:18 | Build | Farm |
| 18:18 | Create | Villager (Male) |
| 18:19 | Build | House |
| 18:20 | Build | House |
| 18:21 | Build | House |
| 18:25 | Create | Unit 1952 |
| 18:26 | Create | Unit 1952 |
| 18:33 | Build | Siege Workshop |
| 18:42 | Build | Palisade Wall |
| 18:46 | Research | Loom |
| 18:56 | Create | Villager (Male) |
| 19:18 | Create | Villager (Male) |
| 19:19 | Build | Town Center |
| 19:40 | Create | Unit 1952 |
| 19:55 | Build | University |
| 19:56 | Research | Husbandry |
| 19:57 | Create | Unit 1952 |
| 19:58 | Create | Unit 1952 |
| 20:01 | Create | Villager (Male) |
| 20:01 | Create | Villager (Male) |
| 20:14 | Research | Bodkin Arrow |
| 20:15 | Create | Unit 1952 |
| 20:24 | Create | Unit 1952 |
| 20:25 | Create | Unit 1952 |
| 20:30 | Create | Unit 1952 |
| 20:39 | Build | House |
| 20:44 | Create | Villager (Male) |
| 20:44 | Create | Villager (Male) |
| 20:49 | Create | Mangonel |
| 20:55 | Create | Villager (Male) |
| 20:56 | Create | Unit 1952 |
| 20:56 | Create | Unit 1952 |
| 20:59 | Create | Villager (Male) |
| 21:02 | Create | Unit 1952 |
| 21:13 | Research | Ballistics |
| 21:14 | Create | Unit 1952 |
| 21:14 | Create | Unit 1952 |
| 21:23 | Create | Villager (Male) |
| 21:25 | Build | House |
| 21:25 | Build | House |
| 21:26 | Create | Unit 1952 |
| 21:41 | Create | Unit 1952 |
| 21:45 | Create | Villager (Male) |
| 21:45 | Create | Villager (Male) |
| 21:52 | Create | Mangonel |
| 21:52 | Create | Mangonel |
| 22:08 | Create | Villager (Male) |
| 22:09 | Create | Unit 1952 |
| 22:09 | Create | Unit 1952 |
| 22:13 | Create | Unit 1952 |
| 22:15 | Create | Villager (Male) |
| 22:26 | Create | Unit 1952 |
| 22:27 | Create | Unit 1952 |
| 22:34 | Create | Villager (Male) |
| 22:37 | Create | Unit 1952 |
| 22:37 | Create | Unit 1952 |
| 22:48 | Create | Mangonel |
| 22:48 | Create | Mangonel |
| 22:56 | Create | Villager (Male) |
Match timeline
| 3:29 | OS+ | VoNDutcH · wall_segment Palisade Wall x5 |
| 3:55 | OS+ | VoNDutcH · wall_segment Palisade Wall x8 |
| 4:00 | TAG_Sitaux · wall_segment Palisade Wall x1 |
| 4:02 | TAG_Sitaux · wall_segment Palisade Wall x1 |
| 4:05 | TAG_Sitaux · wall_segment Palisade Wall x4 |
| 4:46 | OS+ | aKaTepBackWards · wall_segment Palisade Wall x1 |
| 5:21 | OS+ | aKaTepBackWards · wall_segment Palisade Wall x1 |
| 5:23 | OS+ | aKaTepBackWards · wall_segment Palisade Wall x1 |
| 8:40 | TAG_Sitaux · wall_segment Palisade Wall x1 |
| 10:27 | TAG_Smiley · age_up feudal |
| 10:30 | TAG_Sitaux · age_up feudal |
| 11:20 | OS+ | VoNDutcH · age_up feudal |
| 11:21 | OS+ | aKaTepBackWards · age_up feudal |
| 11:22 | OS+ | VoNDutcH · first_building Stable |
| 13:20 | TAG_Smiley · first_building Barracks |
| 13:53 | TAG_Sitaux · first_building Barracks |
| 14:01 | OS+ | VoNDutcH · age_up castle |
| 14:02 | OS+ | VoNDutcH · first_building Monastery |
| 14:13 | TAG_Smiley · first_building Stable |
| 14:23 | TAG_Smiley · age_up castle |
| 14:51 | OS+ | aKaTepBackWards · age_up castle |
| 14:51 | TAG_Sitaux · first_building Archery Range |
| 14:57 | OS+ | aKaTepBackWards · first_building Castle |
| 15:32 | TAG_Sitaux · first_building Stable |
| 16:11 | TAG_Sitaux · age_up castle |
| 18:30 | TAG_Sitaux · first_market_buy 100 wood |
| 18:33 | TAG_Sitaux · first_building Siege Workshop |
| 18:42 | TAG_Sitaux · wall_segment Palisade Wall x3 |
| 19:04 | OS+ | VoNDutcH · first_building Siege Workshop |
| 19:26 | OS+ | aKaTepBackWards · first_building Barracks |
| 20:48 | OS+ | aKaTepBackWards · first_building Stable |
| 24:36 | TAG_Smiley · first_building Monastery |
| 27:38 | TAG_Smiley · first_market_sell 100 wood |
| 28:21 | TAG_Sitaux · resign |
[ AI ANALYSIS · 1 CREDIT ]
What really happened in this match?
Wolo.gg analyzes every decision: build order, eco, micro, common mistakes by bracket. Personalized analysis on WhatsApp or Discord in 30 seconds.
Civ guide
Persians
Perfil
Jugador #18004412